cohdb
Replays
Latest Replays
All Replays
Popular Replays
Top Player Replays
Match Explorer
How It Works
Community
CoH3 Stats
Reddit
Sign in to upload your games and track your stats! →
Sign in with Steam
Match 45487243
Unlisted
Match 45487243
Overview
Messages
Build Orders
End
Kettenkrad Recon Vehicle
Construct Infanterie Kompanie
MG 42 Machine Gun Team
Grenadier Squad
Grenadier Squad
Construct Luftwaffe Kompanie
Flak 30 Anti-aircraft Gun Team
221 Scout Car
Jäger Squad
Construct Panzergrenadier Kompanie
Support Elements
Medical Station
Nebelwerfer 42 Rocket Launcher Team
StuG III G Assault Gun
StuG III G Assault Gun
221 Scout Car
StuG III G Assault Gun
StuG III G Assault Gun
紫苏子
Oreo
i got no time to lose
just a LLAMA
SimplyFinny
MasterStef
McLovin
8号技师在线暴打敌军精
0
0
Comments
sign in to comment!
No comments posted yet!